 Dungeon Crawl Stone Soup version 0.19-GnollCrawlA-1-g03664ee (webtiles) character file.

826 GravitySqueeze the Shield-Bearer (level 1, -5/18 HPs)
             Began as a Formicid Fighter on Mar 2, 2017.
             Slain by a gnoll
             ... wielding a +0 halberd of distortion
              (6 damage)
             ... on level 2 of the Lair of Beasts.
             The game lasted 00:11:33 (5923 turns).

GravitySqueeze the Shield-Bearer (Formicid Fighter) Turns: 5923, Time: 00:11:33

Health: -5/18      AC: 18    Str: 24    XL:     1   Next: 0%
Magic:  1/1        EV:  5    Int:  7    God:
Gold:   1046       SH:  9    Dex: 10    Spells: 0 memorised, 0 levels left

rFire  . . .     SeeInvis +     n - +3 scimitar
rCold  . . .     Gourm    .     w - +1 plate armour
rNeg   . . .     Faith    .     c - +0 shield
rPois  .         Spirit   .     (helmet unavailable)
rElec  .         Dismiss  .     p - +2 cloak
rCorr  .         Reflect  .     t - +2 pair of gloves
SustAt +         Harm     .     (no boots)
MR     .....                    q - amulet of magic regeneration
Stlth  ..........               A - ring of sustain attributes
                                z - +4 ring of strength

@:
A: permanent stasis, dig shafts and tunnels, four strong arms, antennae 3
a: Dig, Shaft Self


You were on level 2 of the Lair of Beasts.
You were not hungry.

You visited 2 branches of the dungeon, and saw 12 of its levels.
You also visited: Volcano.

You collected 1046 gold pieces.

Inventory:

Hand Weapons
 n - a +3 scimitar (weapon)
Armour
 c - a +0 shield (worn)
 p - a +2 cloak (worn)
 t - a +2 pair of gloves (worn)
 w - a +1 plate armour (worn)
Jewellery
 q - an amulet of magic regeneration (around neck)
 s - an uncursed ring of flight
 z - a +4 ring of strength (left hand)
 A - a ring of sustain attributes (right hand)
Wands
 o - a wand of confusion (8/48)
 C - a wand of slowing (36/48)
Scrolls
 a - 3 scrolls of amnesia
 d - a scroll of immolation {unknown}
 e - 4 scrolls of identify
 v - a scroll of remove curse
 D - a scroll of recharging
Potions
 h - 2 potions of resistance {unknown}
 i - a potion of might
 l - a potion of berserk rage {unknown}
 m - 4 potions of brilliance {unknown}
 r - a potion of curing {unknown}
Books
 B - a book of the Dragon

   Spells                             Type                      Level
   a - Flame Tongue                   Conjuration/Fire             1
   b - Cause Fear                     Hexes                        4
   c - Bolt of Fire                   Conjuration/Fire             6
   d - Dragon Form                    Transmutation                7
   e - Dragon's Call                  Summoning                    9
Miscellaneous
 g - a phial of floods
 u - a disc of storms
Comestibles
 b - 22 fruits
 f - a bread ration
 j - 3 meat rations
 k - 2 beef jerkies
 x - a slice of pizza


   Skills:
 + Level 3.2 Fighting
 + Level 2.0 Long Blades
 + Level 3.2 Armour
 + Level 3.6 Shields


You couldn't memorise any spells.
You didn't know any spells.

Dungeon Overview and Level Annotations

Branches:
Dungeon (10/15)              Lair (6/6) D:10         Shoals (0/4) Lair:3
  Snake (0/4) Lair:3
 Temple: D:1-2        Slime: Lair:5-6       Orc: D:9-12

Altars:
Trog


Innate Abilities, Weirdness & Mutations

You are under a permanent stasis effect.
You can dig through walls and to a lower floor.
Your four strong arms can wield two-handed weapons with a shield.
You have a pair of large antennae on your head. (SInv)


Message History

Evoke which item? (* to show all) (? for menu, Esc to quit)
Zapping:
o - a wand of confusion (11/48)
Press: ? - help, Shift-Dir - straight line, f/p - gnoll
Aim: a gnoll, wielding a halberd of distortion (chance to defeat MR: 54%)
The gnoll resists with significant effort.
This wand has 10 charges left.
Evoke which item? (* to show all) (? for menu, Esc to quit)
Zapping:
o - a wand of confusion (10/48)
Press: ? - help, Shift-Dir - straight line, f/p - gnoll
Aim: a gnoll, wielding a halberd of distortion (chance to defeat MR: 54%)
The gnoll resists with significant effort.
This wand has 9 charges left.
The gnoll barely misses you.
Evoke which item? (* to show all) (? for menu, Esc to quit)
Zapping:
o - a wand of confusion (9/48)
Press: ? - help, Shift-Dir - straight line, f/p - gnoll
Aim: a gnoll, wielding a halberd of distortion (chance to defeat MR: 54%)
The gnoll resists with significant effort.
This wand has 8 charges left.
The gnoll hits you from afar with a halberd of distortion.
You die...

................
..............#
..............##
#+....#........#
#......>.......#..
+.............#...
#.............#...
..........)........
#.....#...@...#....
...............##..
...P..#...g....##.P
..................
.........†.......
.................
.?...............
.................
.#P.P#....#'#PP##


You could see a gnoll.

Vanquished Creatures
  82 gnolls
82 creatures vanquished.

Vanquished Creatures (collateral kills)
  A gnoll (Lair:6)
1 creature vanquished.

Vanquished Creatures (others)
  A fungus (Lair:4)
1 creature vanquished.

Grand Total: 84 creatures vanquished

Notes
Turn   | Place    | Note
-------+----------+-------------------------------------------
     0 | D:1      | GravitySqueeze the Formicid Fighter began the quest for the Orb.
     0 | D:1      | Reached XP level 1. HP: 18/18 MP: 1/1
    69 | D:1      | You fall through a shaft!
   115 | D:2      | You fall through a shaft for 2 floors!
   147 | D:4      | You fall through a shaft for 2 floors!
   150 | D:6      | You fall through a shaft for 3 floors!
   319 | D:9      | Found a bloodstained altar of Trog.
   840 | D:9      | You fall through a shaft!
   840 | D:10     | Entered Level 10 of the Dungeon
   868 | D:10     | Found a staircase to the Lair.
   995 | Lair:1   | Entered Level 1 of the Lair of Beasts
  2448 | Lair:2   | You fall through a shaft for 2 floors!
  4504 | Lair:6   | Entered Level 6 of the Lair of Beasts
  4836 | Lair:3   | Found a staircase to the Shoals.
  4852 | Lair:3   | Found a staircase to the Snake Pit.
  4891 | Lair:3   | Found a dark tunnel.
  4898 | Volcano  | Entered a volcano
  5923 | Lair:2   | Slain by a gnoll

Action                   || total
-------------------------++-------
Melee: Scimitar          ||   283
       Long sword        ||    34
 Abil: Shaft Self        ||     6
       Evoke Flight      ||     1
Evoke: Wand              ||     6
  Use: Scroll            ||    11
       Potion            ||     4
Armor: Plate armour      ||    70
       Chain mail        ||    41
       Scale mail        ||    21
Dodge: Dodged            ||    71
Block: Shield            ||   132
